 Dungeon Crawl Stone Soup version 0.20.1-1-g8b1a95d (webtiles) character file.

6168 kae the Spear-Bearer (level 10, -4/64 HPs)
             Began as a Gargoyle Fighter on Sept 18, 2017.
             Was a Believer of Makhleb.
             Slain by a queen ant (9 damage)
             ... on level 8 of the Dungeon.
             The game lasted 00:14:08 (8326 turns).

kae the Spear-Bearer (Gargoyle Fighter)             Turns: 8326, Time: 00:14:08

Health: -4/64      AC: 22    Str: 22    XL:     10   Next: 90%
Magic:  14/14      EV:  9    Int: 10    God:    Makhleb [**....]
Gold:   394        SH:  9    Dex:  7    Spells: 9/9 levels left

rFire    . . .     SeeInvis +   a - +0 trident
rCold    + . .     Gourm    .   c - +0 shield
rNeg     + + .     Faith    .   g - +1 scale mail "Jidineqi" {rC+ rN+ MR+ Dex-2} (curse)
rPois    ∞         Spirit   .   (no helmet)
rElec    +         Reflect  .   v - +0 cloak
rCorr    .         Harm     .   (no gloves)
MR       ++...                  (no boots)
Stlth    ..........             x - amulet of rage
Regen    0.2/turn               e - ring of see invisible
MPRegen  0.2/turn               D - +3 ring of protection

@: no status effects
A: yellow scales 1, magic resistance 1, negative energy resistance 1,
electricity resistance, unbreathing, petrification resistance, rot immunity, AC
+7
a: Minor Destruction, Renounce Religion, Evoke Berserk Rage


You were on level 8 of the Dungeon.
You worshipped Makhleb.
Makhleb was pleased with you.
You were not hungry.

You visited 1 branch of the dungeon, and saw 8 of its levels.
You also visited: Ossuary.

You collected 394 gold pieces.

Inventory:

Hand Weapons
 a - a +0 trident (weapon)
Missiles
 j - a throwing net (quivered)
Armour
 b - a +2 hat
 c - a +0 shield (worn)
 g - the cursed +1 scale mail "Jidineqi" (worn) {rC+ rN+ MR+ Dex-2}
   (You found it on level 3 of the Dungeon)

   It affects your dexterity (-2).
   It protects you from cold.
   It protects you from negative energy.
   It affects your resistance to hostile enchantments.
   It has a curse placed upon it.
 n - a +3 plate armour of poison resistance
 v - a +0 cloak (worn)
 H - a cursed +0 helmet
Jewellery
 e - a ring of see invisible (left hand)
 x - an amulet of rage (around neck)
 z - an uncursed amulet of harm
 D - a +3 ring of protection (right hand)
Wands
 A - a wand of iceblast (7/15)
 C - a wand of enslavement (7/24)
 G - a wand of lightning (7/15)
Scrolls
 d - a scroll of fog
 h - 3 scrolls of teleportation
 k - 4 scrolls of remove curse
 s - 4 scrolls of amnesia
 u - a scroll of enchant armour
 y - 2 scrolls of recharging
Potions
 l - 2 potions of magic
 p - 2 potions of agility
 q - 2 potions of brilliance
 r - 2 potions of resistance
 w - 4 potions of haste
 B - a potion of invisibility
 E - 2 potions of flight {unknown}
Books
 F - a book of Air

   Spells                             Type                      Level
   a - Shock                          Conjuration/Air              1
   b - Swiftness                      Charms/Air                   2
   c - Static Discharge               Conjuration/Air              3
   d - Airstrike                      Air                          4
   e - Lightning Bolt                 Conjuration/Air              5
Comestibles
 f - 5 bread rations
 i - 10 meat rations
 m - 3 fruits
 o - 10 chunks of flesh
 t - 4 royal jellies


   Skills:
 + Level 7.9 Fighting
 * Level 9.2 Polearms
 + Level 8.1 Armour
 + Level 5.8 Dodging
 - Level 3.2 Shields
 * Level 5.4 Invocations


You had 9 spell levels left.
You didn't know any spells.

Dungeon Overview and Level Annotations

Branches:
Dungeon (8/15)             Temple (0/1) D:7
   Lair: D:8-11

Altars:
Cheibriados
Dithmenos
Kikubaaqudgha
Makhleb
Nemelex Xobeh
Qazlal
Xom
Yredelemnul
Zin


Innate Abilities, Weirdness & Mutations

You are resistant to torment.
Your stone body is resilient. (AC +7)
You are immune to poison.
You resist negative energy. (rN+)
You are resistant to electric shocks. (rElec)
You can survive without breathing.
You are immune to petrification.
You are immune to rotting.
You are partially covered in yellow scales. (AC +2)
You are resistant to hostile enchantments. (MR+)


Message History

You hit the queen ant but do no damage.
The queen ant is almost dead.
The soldier ant stings you.
* * * LOW HITPOINT WARNING * * *
The queen ant closely misses you.
Your shield and scale mail "Jidineqi" prevent you from hitting the queen ant.
The queen ant is almost dead.
The soldier ant waves its antennae.
The soldier ant stings you!
* * * LOW HITPOINT WARNING * * *
You block the queen ant's attack.
Are you sure you want to abandon this character and quit the game? (Confirm with "yes".)
Okay, then.
Unknown command.
Okay, then.
Okay, then.
Okay, then.
You block the queen ant's attack. The queen ant stings you!
You die...

.###.....##...>...# #.####.......
.#.......##<<.....###.)(..(####..
.........##.......##>..##### ###
...##....##.......##.#.#
##.##....##.......##.#.#
#..#....##............#
#...a########.##..#### ###..#
####a....# #..# ##.a.a@...#
#..####..####..## #....#..## #..#
#######....## ##.# ............#
### .######.....# #.....# #...).#
#.....#


You could see a queen ant, a soldier ant and a worker ant.

Vanquished Creatures
  The ghost of ceb the Poker, a novice DsGl of Makhleb (D:8)
  Joseph (D:8)
  Grinder (D:5)
  Menkaure (D:3)
  16 soldier ants
  A sky beast (D:7)
  3 ice beasts
  A necrophage (D:3)
  4 ogres
  3 centaurs
  An elf zombie (Ossuary)
  2 scorpions (D:4)
  2 howler monkeys (D:6)
  A crimson imp (D:6)
  2 quasits
  2 bullfrog skeletons
  3 bullfrog zombies
  2 centaur skeletons (D:4)
  5 hounds
  A human zombie (Ossuary)
  7 orc priests
  Crazy Yiuf (D:5)
  5 orc wizards
  Terence (D:2)
  5 iguanas
  18 worker ants
  A big kobold zombie (Ossuary)
  5 hound zombies
  6 mummies
  4 hound skeletons
  4 worker ant zombies
  5 adders
  5 gnolls
  3 shadow imps
  An ooze (D:3)
  5 worms
  A leopard gecko (D:1)
  32 orcs
  A gnoll zombie (Ossuary)
  5 goblins
  6 hobgoblins
  7 jackals
  6 kobolds
  7 quokkas
  6 bats
  4 frilled lizards
  A giant cockroach zombie (D:4)
  2 goblin zombies (Ossuary)
  A hobgoblin zombie (Ossuary)
  3 jackal zombies
  A kobold zombie (Ossuary)
  A leopard gecko skeleton (D:6)
  A leopard gecko zombie (D:4)
  A quokka skeleton (D:5)
  2 quokka zombies (D:4)
  25 rats
242 creatures vanquished.

Notes
Turn   | Place    | Note
-------+----------+-------------------------------------------
     0 | D:1      | kae the Gargoyle Fighter began the quest for the Orb.
     0 | D:1      | Reached XP level 1. HP: 14/14 MP: 1/1
    37 | D:1      | Reached skill level 2 in Polearms
    37 | D:1      | Reached XP level 2. HP: 19/19 MP: 2/2
   630 | D:2      | Reached XP level 3. HP: 23/23 MP: 3/3
   735 | D:2      | Found a shimmering altar of Xom.
   741 | D:2      | Found a snail-covered altar of Cheibriados.
   744 | D:2      | Found a shadowy altar of Dithmenos.
   744 | D:2      | Found a stormy altar of Qazlal.
   874 | D:2      | Found a sparkling altar of Nemelex Xobeh.
   916 | D:2      | Reached skill level 3 in Polearms
  1072 | D:2      | Noticed Terence
  1097 | D:2      | Killed Terence
  1097 | D:2      | Reached XP level 4. HP: 26/28 MP: 4/4
  1565 | D:3      | Reached skill level 1 in Dodging
  1591 | D:3      | Reached XP level 5. HP: 32/33 MP: 5/5
  1855 | D:3      | Found a glowing silver altar of Zin.
  1897 | D:3      | Found a transporter.
  1898 | D:3      | Noticed a necrophage
  1899 | D:3      | Found a transporter.
  1914 | D:3      | Found an ancient bone altar of Kikubaaqudgha.
  1918 | D:3      | Noticed Menkaure
  1924 | D:3      | Found a basalt altar of Yredelemnul.
  2248 | D:3      | Gained mutation: You are partially covered in yellow scales. (AC +2) [potion of mutation]
  2248 | D:3      | Gained mutation: You are resistant to hostile enchantments. (MR+) [potion of mutation]
  2269 | D:3      | Killed a necrophage
  2269 | D:3      | Reached skill level 4 in Polearms
  2269 | D:3      | Reached XP level 6. HP: 37/38 MP: 6/6
  2271 | D:3      | Killed Menkaure
  2317 | D:3      | Got a transparent scale mail
  2386 | D:4      | Reached XP level 7. HP: 43/44 MP: 7/7
  2398 | D:4      | Identified the cursed +1 scale mail "Jidineqi" {rC+ rN+ MR+ Dex-2} (You found it on level 3 of the Dungeon)
  2605 | D:4      | Reached skill level 5 in Armour
  2808 | D:4      | Reached skill level 5 in Polearms
  2978 | D:4      | Reached skill level 5 in Fighting
  3106 | D:4      | Reached XP level 8. HP: 46/49 MP: 8/8
  3206 | D:5      | Entered Level 5 of the Dungeon
  3222 | D:5      | Noticed Grinder
  3277 | D:5      | Killed Grinder
  3336 | D:5      | Reached skill level 6 in Polearms
  3822 | D:5      | Reached XP level 9. HP: 55/55 MP: 9/9
  3828 | D:5      | Found a burning altar of Makhleb.
  3828 | D:5      | Noticed a cacodemon
  4122 | D:5      | Found a runed door.
  4210 | D:5      | Reached skill level 7 in Polearms
  4352 | D:5      | Noticed Crazy Yiuf
  4357 | D:5      | Killed Crazy Yiuf
  4446 | D:5      | Became a worshipper of Makhleb the Destroyer
  4554 | D:6      | Found a sand-covered staircase.
  4570 | Ossuary  | Entered an ossuary
  5008 | D:6      | Reached * piety under Makhleb
  6294 | D:7      | Found a staircase to the Ecumenical Temple.
  6429 | D:7      | Reached ** piety under Makhleb
  6544 | D:7      | Found an ancient bone altar of Kikubaaqudgha.
  6599 | D:7      | Reached skill level 8 in Polearms
  6858 | D:8      | Noticed ceb's ghost (novice DsGl)
  6902 | D:7      | Reached skill level 5 in Dodging
  6902 | D:7      | Reached skill level 1 in Invocations
  7173 | D:7      | Reached XP level 10. HP: 63/63 MP: 11/11
  8050 | D:8      | Killed ceb's ghost
  8050 | D:8      | Reached skill level 5 in Invocations
  8118 | D:8      | Reached skill level 9 in Polearms
  8154 | D:8      | Noticed Joseph
  8173 | D:8      | Killed Joseph
  8261 | D:8      | Noticed a queen ant
  8326 | D:8      | Slain by a queen ant

Skill      XL: |  1  2  3  4  5  6  7  8  9 10 |
---------------+-------------------------------+-----
Polearms       | 2 3 4 5 6 8 9 |  9.2
Dodging        | 1 2 3 5 |  5.8
Armour         | 4 5 6 7 8 |  8.1
Fighting       | 4 5 6 7 |  7.9
Invocations    | 2 5 |  5.4
Shields        | |  3.2

Action                   |  1- 3 |  4- 6 |  7- 9 | 10-12 || total
-------------------------+-------+-------+-------+-------++-------
Melee: Trident           |   113 |   176 |   895 |   434 ||  1618
  Use: Scroll            |       |    11 |     7 |       ||    18
       Potion            |       |     5 |     1 |     2 ||     8
  Eat: Chunk             |     1 |     4 |    17 |     5 ||    27
Armor: Scale mail        |     3 |       |   564 |   214 ||   781
       Plate armour      |    57 |   108 |       |       ||   165
Dodge: Dodged            |    10 |    31 |   395 |   115 ||   551
Block: Shield            |    44 |    62 |   494 |   156 ||   756
